 Dungeon Crawl Stone Soup version 0.30-a0-800-g7c544603b3 (webtiles) character file.

Game seed: 11219845565129031190

364 bande the Trooper (level 6, 0/39 HPs)
             Began as a Gargoyle Fighter on Feb 22, 2023.
             Slain by a mummy (12 damage)
             ... in an ossuary.
             The game lasted 00:04:35 (2660 turns).

bande the Trooper (Gargoyle Fighter)                Turns: 2660, Time: 00:04:36

Health: 0/39       AC: 11    Str: 20    XL:     6   Next: 67%
Magic:  6/6        EV:  9    Int:  8    God:
Gold:   177        SH:  4    Dex: 11    Spells: 5/5 levels left

rFire   . . .      SeeInvis .    a - +0 war axe
rCold   . . .      Faith    .    c - +0 buckler
rNeg    + . .      Spirit   .    b - +0 scale mail
rPois   ∞          Reflect  .    (no helmet)
rElec   +          Harm     .    (no cloak)
rCorr   .          Rampage  .    (no gloves)
Will    .....                    (no boots) Stlth
                                 (no amulet)
HPRegen 0.26/turn                (no ring)
MPRegen 0.10/turn                (no ring)

@: no status effects
A: sickness immunity, AC +4, negative energy resistance 1, electricity
resistance, torment resistance 1, petrification resistance
a: no special abilities


You were in an ossuary.
You visited 1 branch of the dungeon, and saw 4 of its levels.
You also visited: Ossuary.

You collected 177 gold pieces.

Inventory:

Hand Weapons
 a - a +0 war axe (weapon)
 e - a +0 flail
Armour
 b - a +0 scale mail (worn)
 c - a +0 buckler (worn)
Wands
 r - a wand of quicksilver (2)
Scrolls
 g - 2 scrolls of identify
 v - a scroll of teleportation {unknown}
Potions
 d - 2 potions of might
 f - a potion of cancellation {unknown}
 h - a potion of lignification {unknown}
 j - 2 potions of curing
 k - a potion of haste {unknown}
 s - a potion of heal wounds {unknown}
 t - a potion of berserk rage {unknown}
 u - a potion of ambrosia {unknown}


   Skills:
 + Level 4.6 Fighting
 + Level 4.6 Axes
 + Level 4.2 Armour
 + Level 4.1 Shields
 * Level 0.2 Evocations


You had 5 spell levels left.
You didn't know any spells.
Your spell library contained the following spells:

 Spells                   Type           Power      Damage    Failure   Level
 Lesser Beckoning         Tloc           0%         N/A       93%         2
 Gell's Gravitas          Tloc           0%         N/A       99%         3
 Teleport Other           Tloc           0%         N/A       99%         3


Dungeon Overview and Level Annotations

Branches:
Dungeon (4/15)            Ossuary (1/1)
 Temple: D:4-7

Altars:
Fedhas

Shops:
D:3 :


Innate Abilities, Weirdness & Mutations

You are immune to sickness and miasma.
Your stone body is resilient. (AC +4)
You are immune to poison.
You resist negative energy. (rN+)
You are resistant to electric shocks. (rElec)
You are resistant to unholy torment.
You are immune to petrification.


Message History

You hit the mummy.
You destroy the mummy!
You slash the mummy! You hit the mummy but do no damage.
The mummy is severely damaged.
You hit the mummy but do no damage. The mummy barely misses you.
The mummy hits you!
You hit the mummy.
The mummy is almost destroyed.
You slash the mummy! The mummy closely misses you.
You slash the mummy!
You destroy the mummy!
You hit the mummy. You hit the mummy.
The mummy is almost destroyed.
You barely miss the mummy. You block the mummy's attack.
The mummy completely misses you.
You hit the mummy.
You destroy the mummy!
You hit the mummy. The mummy hits you!
You are too injured to fight recklessly!
You are too injured to fight recklessly!
You are too injured to fight recklessly!
You are too injured to fight recklessly!
You are too injured to fight recklessly!
You are too injured to fight recklessly!
You are too injured to fight recklessly!
You are too injured to fight recklessly!
The mummy hits you.
* * * LOW HITPOINT WARNING * * *
The mummy hits you but does no damage.
You slash the mummy!
The mummy is heavily damaged.
You barely miss the mummy.
The mummy is heavily damaged.
The mummy barely misses you.
You hit the mummy.
The mummy is severely damaged.
The mummy hits you!
You die...

#M##############
#M...#....#....# #.
#....#....#....# +.
#....#....#....###.
#....#....#....#.#.
####'##'###'####.#.
#...#...#...#...#.
###+###M###'###'###'###.
.......@................
........................
########################


You could see a mummy.

Vanquished Creatures
  Menkaure (Ossuary)
  A scorpion (D:4)
  A centaur zombie (Ossuary)
  3 mummies (Ossuary)
  2 adders (D:3)
  A shadow imp (D:3)
  A worm (D:3)
  4 dart slugs
  An orc (D:3)
  8 endoplasms
  5 giant cockroaches
  7 goblins
  5 hobgoblins
  2 quokkas
  7 ball pythons
  5 bats
  5 frilled lizards
  A goblin zombie (Ossuary)
  7 kobolds
  3 kobold zombies (Ossuary)
  A quokka zombie (Ossuary)
  10 rats
  A rat zombie (Ossuary)
82 creatures vanquished.

Notes
Turn   | Place    | Note
-------+----------+-------------------------------------------
     0 | D:1      | bande the Gargoyle Fighter began the quest for the Orb.
     0 | D:1      | Reached XP level 1. HP: 14/14 MP: 1/1
    52 | D:1      | Reached XP level 2. HP: 19/19 MP: 2/2
   280 | D:1      | Reached XP level 3. HP: 24/24 MP: 3/3
  1579 | D:3      | Found Yteal's Book Boutique.
  1624 | D:3      | Reached XP level 4. HP: 27/29 MP: 4/4
  2246 | D:4      | Noticed a scorpion
  2252 | D:4      | Killed a scorpion
  2253 | D:4      | Reached XP level 5. HP: 19/33 MP: 5/5
  2317 | D:4      | Found a blossoming altar of Fedhas.
  2372 | D:4      | Noticed a phantom
  2408 | D:4      | Found a sand-covered staircase.
  2413 | Ossuary  | Entered an ossuary
  2626 | Ossuary  | Noticed Menkaure
  2644 | Ossuary  | Killed Menkaure
  2645 | Ossuary  | Reached XP level 6. HP: 38/39 MP: 6/6
  2660 | Ossuary  | Slain by a mummy

Illustrated notes

Levels and vault maps discovered:
D:1:      minmay_arrival_stone_box, layout_loops_ring,
          chequers_serial_rivers_micro_e, minmay_tetromino_t4
D:2:      layout_basic, serial_co_window_serial, co_window_paths_a,
          co_window_paths_a, co_window_corner_a, co_window_paths_a,
          co_window_corner_a, co_window_corner_a, co_window_corner_a,
          co_window_corner_cb, co_window_corner_b, co_window_paths_c,
          co_window_4corner_b, glass_columns_b, glass_columns_a,
          glass_columns_a, glass_columns_b, small_statue_intersection
D:3:      minmay_angry_zag, layout_basic, serial_shops, shop_fountains,
          minmay_circle_x
D:4:      layout_loops_ring, fedhas_altar_fruit_tree,
          mainiacjoe_overflow_concentric_impassable, enter_ossuary_2,
          serial_bayou_ford_a
Ossuary:  ossuary_boxes_badplayer

Skill      XL: |  1  2  3  4  5 |
---------------+----------------+-----
Axes           | 2 3 4 |  4.6
Fighting       | 4 |  4.6
Armour         | 4 |  4.2
Shields        | 4 |  4.1
Evocations     | |  0.2

Action                     |  1- 3 |  4- 6 || total
---------------------------+-------+-------++-------
  Melee: War axe           |   129 |    87 ||   216
    Use: Scroll            |       |     8 ||     8
 Armour: Scale mail        |    98 |    42 ||   140
  Dodge: Dodged            |    50 |    38 ||    88
  Block: Buckler           |    27 |    15 ||    42

Table legend: (Time is in decaauts)
 A = Elapsed time spent in this place.
 B = Non-inter-level travel time spent in this place.
 C = Inter-level travel time spent in this place.
 D = Time resting spent in this place.
 E = Time spent auto-exploring this place.
 F = Levels seen in this place.
 G = Mean time per level.
                   A        B        C        D        E       F      G
               +--------+--------+--------+--------+--------+-----+--------+
         Total |   2745 |   2723 |     22 |    130 |   1955 |   5 |  549.0 |
       Dungeon |   2488 |   2466 |     22 |      0 |   1897 |   4 |  622.0 |
       Ossuary |    256 |    256 |      0 |    130 |     58 |   1 |  256.0 |
               +--------+--------+--------+--------+--------+-----+--------+

Top non-repeatable levels by time:
     D:2: 866 daAuts
     D:3: 757 daAuts
     D:1: 694 daAuts
 Ossuary: 256 daAuts
     D:4: 170 daAuts
